 Dungeon Crawl Stone Soup version 0.25.1-8-g42b30a86e7 (webtiles) character file.

Game seed: 11315672051508787985

67 Clowwww the Skirmisher (level 3, -3/29 HPs)
             Began as a Demonspawn Fighter on Dec 7, 2020.
             Slain by a sky beast (4 damage)
             ... on level 2 of the Dungeon.
             The game lasted 00:02:45 (1187 turns).

Clowwww the Skirmisher (Demonspawn Fighter)         Turns: 1187, Time: 00:02:46

Health: -3/29      AC:  7    Str: 17    XL:     3   Next: 98%
Magic:  0/3        EV:  7    Int:  9    God:
Gold:   91         SH:  9    Dex: 12    Spells: 2/2 levels left

rFire    . . .     SeeInvis .   a - +0 war axe
rCold    . . .     Gourm    .   c - +0 kite shield
rNeg     . . .     Faith    .   b - +0 scale mail
rPois    .         Spirit   +   (no helmet)
rElec    .         Reflect  .   i - +0 cloak
rCorr    .         Harm     .   (no gloves)
MR       .....                  (no boots)
Stlth    ..........             (no amulet)
HPRegen  0.09/turn              (no ring)
MPRegen  0.16/turn              (no ring)

@: no status effects
A: magic shield, magic regeneration
a: no special abilities


You were on level 2 of the Dungeon.
You were very hungry.

You visited 1 branch of the dungeon, and saw 2 of its levels.

You collected 91 gold pieces.

Inventory:

Hand Weapons
 a - a +0 war axe (weapon)
Armour
 b - a +0 scale mail (worn)
 c - a +0 kite shield (worn)
 i - a +0 cloak (worn)
Scrolls
 d - a scroll of teleportation {unknown}
 h - a scroll of remove curse {unknown}
 j - a scroll of amnesia {unknown}
 k - a scroll of identify {unknown}
Comestibles
 f - 4 rations


   Skills:
 + Level 3.4 Fighting
 + Level 2.7 Axes
 + Level 3.0 Armour
 + Level 0.1 Dodging
 + Level 3.2 Shields


You had 2 spell levels left.
You didn't know any spells.
Your spell library was empty.

Dungeon Overview and Level Annotations

Branches:
Dungeon (2/15)

Altars:


Innate Abilities, Weirdness & Mutations

When hurt, damage is shared between your health and your magic reserves.
You regenerate magic rapidly.


Message History

A sky beast appears from thin air!
Reactivating autopickup.
The sky beast hits you.
* * * LOW HITPOINT WARNING * * *
The sky beast shocks you.
* * * LOW HITPOINT WARNING * * *
You aren't carrying any potions.
Your scale mail prevents you from hitting the sky beast.
The sky beast is heavily wounded.
The sky beast hits you but does no damage.
You closely miss the sky beast.
The sky beast is heavily wounded.
The sky beast hits you but does no damage.
The sky beast barely misses you.
You hit the sky beast.
The sky beast is severely wounded.
The sky beast hits you.
* * * LOW HITPOINT WARNING * * *
The sky beast shocks you.
You die...

###### #....###.#..
#.#.........
#.#################
#.............<...
#..Y@...........#
#..≈............# ##
#...............#.##.
#...............#.#..
#####........#.##.#..
#.......##.##.#..
#......#.##.##.#..
#.######.##....... #.
#.##.......


You could see a sky beast.

Vanquished Creatures
  Jessica (D:2)
  An adder (D:2)
  A dart slug (D:1)
  A leopard gecko (D:1)
  2 giant cockroaches (D:1)
  2 goblins (D:1)
  9 hobgoblins (D:1)
  4 bats (D:1)
  A frilled lizard (D:2)
  4 rats
26 creatures vanquished.

Notes
Turn   | Place    | Note
-------+----------+-------------------------------------------
     0 | D:1      | Clowwww the Demonspawn Fighter began the quest for the Orb.
     0 | D:1      | Reached XP level 1. HP: 18/18 MP: 1/1
    92 | D:1      | Gained mutation: When hurt, damage is shared between your
                  | health and your magic reserves. [demonic ancestry]
    92 | D:1      | Reached XP level 2. HP: 14/24 MP: 2/2
   740 | D:1      | Gained mutation: You regenerate magic rapidly. [demonic
                  | ancestry]
   740 | D:1      | Reached XP level 3. HP: 29/29 MP: 3/3
   834 | D:2      | Noticed Jessica
   858 | D:2      | Killed Jessica
  1138 | D:2      | Noticed a sky beast
  1184 | D:2      | HP: 1/29 [sky beast (5)]
  1187 | D:2      | Slain by a sky beast

Illustrated notes

Levels and vault maps discovered:
D:1:      minmay_arrival_hallway, layout_loops_ring, minmay_tiny_reverse_x
D:2:      layout_basic, kennysheep_generic_room_14, uniq_jessica

Skill      XL: |  1  2 |
---------------+-------+-----
Axes           | 2 |  2.7
Shields        | 3 |  3.2
Armour         | 3 |  3.0
Fighting       | |  3.4
Dodging        | |  0.1

Action                   || total
-------------------------++-------
Melee: War axe           ||   109
  Use: Potion            ||     3
Armor: Scale mail        ||    75
Dodge: Dodged            ||    24
Block: Kite shield       ||    52
